 Dungeon Crawl Stone Soup version 0.27.1-2-g3b301248ec (webtiles) character file.

Game seed: 9198174072810476986

2849 pkoi the Carver (level 9, -3/68 HPs)
             Began as a Minotaur Gladiator on Sept 24, 2021.
             Was a Believer of Dithmenos.
             Slain by an orc warrior (8 damage)
             ... in a bailey.
             The game lasted 00:09:25 (6866 turns).

pkoi the Carver (Minotaur Gladiator)                Turns: 6866, Time: 00:09:26

Health: -3/68      AC: 17    Str: 21    XL:     9   Next: 46%
Magic:  8/8        EV:  8    Int:  5    God:    Dithmenos [**....]
Gold:   680        SH:  5    Dex: 19    Spells: 8/8 levels left

rFire    . . .     SeeInvis .   y - +2 great sword
rCold    . . .     Faith    .   (shield currently unavailable)
rNeg     . . .     Spirit   .   B - +0 plate armour
rPois    .         Reflect  +   c - +0 hat
rElec    .         Harm     .   (no cloak)
rCorr    +         Rampage  .   o - +1 pair of gloves
Will     .....                  g - +0 pair of boots
Stlth    ..........             l - amulet of reflection
HPRegen  0.21/turn              j - +6 ring of dexterity
MPRegen  0.11/turn              e - ring of resist corrosion

@: mighty, wreathed by umbra
A: horns 2, retaliatory headbutt
a: Renounce Religion, Shadow Step


You were in a bailey.
You worshipped Dithmenos.
Dithmenos was pleased with you.
You visited 2 branches of the dungeon, and saw 8 of its levels.
You also visited: Bailey.

You collected 867 gold pieces.
You spent 187 gold pieces at shops.

Inventory:

Hand Weapons
 a - a +0 long sword of freezing
 k - a +4 vampiric falchion
 s - a +0 dagger of venom
 y - a +2 great sword (weapon)
Missiles
 d - 4 throwing nets
 u - 11 curare-tipped darts
 A - 13 boomerangs (quivered)
Armour
 b - a +0 leather armour
 c - a +0 hat (worn)
 g - a +0 pair of boots (worn)
 o - a +1 pair of gloves (worn)
 B - a +0 plate armour (worn)
Jewellery
 e - a ring of resist corrosion (right hand)
 f - an amulet of regeneration
 j - a +6 ring of dexterity (left hand)
 l - an amulet of reflection (around neck)
 q - a ring of positive energy
Wands
 h - a wand of acid (6)
 t - a wand of mindburst (15)
Scrolls
 i - 6 scrolls of amnesia
 p - 2 scrolls of teleportation
 w - a scroll of magic mapping
Potions
 m - a potion of cancellation
 n - 2 potions of brilliance {unknown}
 r - a potion of lignification {unknown}
 x - a potion of resistance {unknown}
 z - a potion of curing {unknown}
 C - a potion of berserk rage {unknown}


   Skills:
 - Level 2.4 Fighting
 * Level 12.8 Long Blades
 + Level 2.2 Throwing
 + Level 9.0 Armour
 - Level 3.2 Dodging


You had 8 spell levels left.
You didn't know any spells.
Your spell library contained the following spells:

 Spells                   Type           Power      Damage    Failure   Level
 Beastly Appendage        Tmut           0%         N/A       100%        1
 Corona                   Hex            0%         N/A       100%        1
 Ensorcelled Hibernation  Hex/Ice        0%         N/A       100%        2
 Wereblood                Tmut           0%         N/A       100%        2
 Spider Form              Tmut/Pois      0%         N/A       100%        3
 Tukima's Dance           Hex            0%         N/A       100%        3
 Passage of Golubria      Tloc           N/A        N/A       100%        4
 Yara's Violent Unravell  Hex/Tmut       0%         3d3       100%        5


Dungeon Overview and Level Annotations

Branches:
Dungeon (7/15)             Temple (1/1) D:5          Bailey (1/1)

Altars:
Ashenzari
Dithmenos
Elyvilon
Fedhas
Gozag
Hepliaklqana
Kikubaaqudgha
Makhleb
Nemelex Xobeh
Okawaru
Qazlal
Sif Muna
Trog
Uskayaw
Vehumet
Wu Jian
Xom
Yredelemnul
Zin
The Shining One

Shops:
D:1 *   D:5 [=

Annotations:
D:5 2 transporters


Innate Abilities, Weirdness & Mutations

You have a pair of horns on your head.
You reflexively headbutt those who attack you in melee.


Message History

You kill the orc!
Dithmenos accepts your kill. You block the goblin's attack.
You slice the goblin!!
You kill the goblin!
Dithmenos accepts your kill.
An orc warrior comes into view.
It is wielding a +1 scimitar of electrocution.
The orc knight hits you but does no damage.
Items here: )) [[ ††.
You slash the orc knight! Your headbutt misses the orc knight.
The orc knight is lightly wounded.
The orc knight hits you but does no damage.
You barely miss the orc knight.
The orc knight is lightly wounded.
You block the orc knight's attack.
You slash the orc knight!
The orc knight is moderately wounded.
The orc knight misses you. You furiously retaliate!
You headbutt the orc knight.
You riposte.
You barely miss the orc knight.
The orc knight is heavily wounded.
You hit the orc knight.
The orc knight is heavily wounded.
The orc knight hits you with a +0 broad axe!
You hit the orc knight but do no damage.
Your headbutt misses the orc knight.
The orc knight is heavily wounded.
The orc knight hits you with a +0 broad axe!
You are too injured to fight recklessly!
You are too injured to fight recklessly!
Unknown command.
You feel very mighty all of a sudden.
The orc knight hits you with a +0 broad axe!
* * * LOW HITPOINT WARNING * * *
The orc warrior hits you with a +1 scimitar of electrocution!!
* * * LOW HITPOINT WARNING * * *
You slice the orc knight!! Your headbutt misses the orc knight.
The orc knight is almost dead.
The orc knight hits you but does no damage.
The orc warrior hits you with a +1 scimitar of electrocution!
You die...

###'###
##.....##
#...8...#
#∩.....∩#
##.....##
####'''####
##≈.......≈##
##≈≈...oo..≈≈###
.'≈≈...@)..≈≈'.'
##≈≈.......≈≈###
.(≈≈.......≈≈(.'
##≈≈.......≈≈###
.(≈≈.......≈≈'.'
##≈≈.......≈≈###
.'≈≈.......≈≈'.'
##≈≈....)..≈≈###
.(≈≈.......≈≈(('


You could see an orc knight and an orc warrior (strong).

Vanquished Creatures
  Pikel (D:4)
  A centaur zombie (D:6)
  Sigmund (D:3)
  2 ice beasts
  An orc warrior (Bailey)
  A black bear (D:5)
  2 ogres
  A phantom (D:4)
  2 lemures (D:4)
  2 bullfrogs
  A gnoll sergeant (D:5)
  3 scorpions
  A water moccasin zombie (D:5)
  3 wights (D:7)
  An electric eel (D:6)
  A howler monkey (D:4)
  2 bullfrog zombies
  A jelly (D:5)
  3 hounds
  5 orc priests
  2 iguanas
  Jessica (D:3)
  A bullfrog skeleton (D:5)
  A hound skeleton (D:4)
  A howler monkey zombie (D:5)
  Robin (D:4)
  3 gnolls (D:5)
  9 adders
  2 ufetubi
  An adder skeleton (D:4)
  2 worms
  3 dart slugs
  11 orcs
  4 endoplasms
  2 giant cockroaches (D:3)
  25 goblins
  9 hobgoblins
  12 kobolds
  3 quokkas
  8 ball pythons
  3 rats
139 creatures vanquished.

Vanquished Creatures (others)
  A fungus (D:3)
  4 toadstools (D:3)
5 creatures vanquished.

Grand Total: 144 creatures vanquished

Notes
Turn   | Place    | Note
-------+----------+-------------------------------------------
     0 | D:1      | pkoi the Minotaur Gladiator began the quest for the Orb.
     0 | D:1      | Reached XP level 1. HP: 18/18 MP: 0/0
     6 | D:1      | Found Teduf's Assorted Antiques.
   187 | D:1      | Found a faded altar of an unknown god.
   343 | D:1      | Reached skill level 4 in Long Blades
   348 | D:1      | Reached skill level 1 in Armour
   348 | D:1      | Reached XP level 2. HP: 16/25 MP: 1/1
   957 | D:2      | Noticed an ogre
   963 | D:2      | Killed an ogre
   964 | D:2      | Reached skill level 5 in Long Blades
   964 | D:2      | Reached XP level 3. HP: 15/30 MP: 2/2
   964 | D:2      | Reached XP level 4. HP: 19/37 MP: 3/3
  1646 | D:2      | Reached skill level 6 in Long Blades
  2066 | D:3      | Reached XP level 5. HP: 42/42 MP: 4/4
  2183 | D:3      | Found a shadowy altar of Dithmenos.
  2192 | D:3      | Became a worshipper of Dithmenos the Shadowed
  2214 | D:3      | Noticed Sigmund
  2219 | D:3      | Noticed Jessica
  2226 | D:3      | Killed Sigmund
  2227 | D:3      | Reached skill level 7 in Long Blades
  2227 | D:3      | Reached XP level 6. HP: 38/50 MP: 5/5
  2233 | D:3      | Killed Jessica
  2663 | D:3      | Found an ancient bone altar of Kikubaaqudgha.
  2876 | D:4      | Reached skill level 8 in Long Blades
  3295 | D:4      | Reached skill level 5 in Armour
  3295 | D:4      | Reached XP level 7. HP: 55/56 MP: 6/6
  3612 | D:4      | Found an ornate altar of the Wu Jian Council.
  3650 | D:4      | Found a basalt altar of Yredelemnul.
  3654 | D:4      | Reached * piety under Dithmenos
  3816 | D:4      | Found a white marble altar of Elyvilon.
  3823 | D:4      | Noticed Pikel
  3901 | D:4      | Noticed Robin
  3905 | D:4      | Killed Pikel
  3906 | D:4      | Reached skill level 10 in Long Blades
  3906 | D:4      | Reached XP level 8. HP: 43/62 MP: 7/7
  3935 | D:4      | Killed Robin
  4186 | D:5      | Entered Level 5 of the Dungeon
  4488 | D:5      | Found Inolosch's Jewellery Shop.
  4506 | D:5      | Found Rykin's Antique Armour Shoppe.
  4512 | D:5      | Bought a pair of glowing gloves for 187 gold pieces
  4573 | D:5      | Found a transporter.
  4577 | D:5      | Found a hazy altar of Hepliaklqana.
  4577 | D:5      | Found a transporter.
  4631 | D:5      | Reached skill level 11 in Long Blades
  4706 | D:5      | Found a staircase to the Ecumenical Temple.
  4727 | Temple   | Entered the Ecumenical Temple
  5014 | D:5      | Reached ** piety under Dithmenos
  5647 | D:6      | Reached skill level 12 in Long Blades
  5647 | D:6      | Reached XP level 9. HP: 39/68 MP: 8/8
  5987 | D:6      | Found a glowing silver altar of Zin.
  6622 | D:7      | Found a flagged portal.
  6687 | Bailey   | Entered a bailey
  6854 | Bailey   | Noticed an orc knight
  6866 | Bailey   | Slain by an orc warrior

Illustrated notes

Levels and vault maps discovered:
D:1:      erik_arrival_blinker_ship, layout_basic,
          shapermc_ecumenical_altar_starsandcircs, serial_shops, shop,
          chequers_serial_rivers_room_b, chequers_serial_rivers_micro_e
D:2:      layout_basic, minmay_vboxes
D:3:      layout_rooms, kiku_gazebo_pond_becter, lemuel_crystal_altar,
          grunt_decor_clamped, minmay_gold_behind_fungi, minmay_distorted,
          uniq_jessica, uniq_sigmund
D:4:      layout_loops_ring, lemuel_crystal_altar,
          mainiacjoe_overflow_catch_the_wave, uniq_pikel, uniq_robin
D:5:      layout_basic, gammafunk_temple_overflow_arena,
          minmay_temple_entry_sparse_star, serial_shops, shop,
          nicolae_shop_trees, grunt_ministairs_7, saegor_snake_ambush
D:6:      layout_loops_ring, mainiacjoe_overflow_concentric_impassable,
          dk_vineyard_1, nrook_pool_corridor, minmay_statues_item
D:7:      lemuel_insect_pit, layout_loops_ring, gammafunk_ghost_arena,
          enter_bailey_5
Temple:   cyrus_circular_temple
Bailey:   bailey_axe_3, bailey

Skill      XL: |  1  2  3  4  5  6  7  8  9 |
---------------+----------------------------+-----
Long Blades    | 4 5 6 7 8 10 12 | 12.8
Armour         | 1 2 3 4 5 6 8 9 |  9.0
Fighting       | |  2.4
Throwing       | |  2.2
Dodging        | |  3.2

Action                   |  1- 3 |  4- 6 |  7- 9 || total
-------------------------+-------+-------+-------++-------
Melee: Long sword        |     7 |    19 |   197 ||   223
       Headbutt          |     7 |    20 |    63 ||    90
       Falchion          |    11 |    52 |    33 ||    96
       Great sword       |       |       |    16 ||    16
Throw: Boomerang         |       |       |    21 ||    21
  Use: Scroll            |       |     9 |     6 ||    15
       Potion            |       |       |     1 ||     1
 Stab: Sleeping          |       |       |     5 ||     5
Armor: Leather armour    |     2 |     8 |    47 ||    57
       Plate armour      |       |       |     4 ||     4
Dodge: Dodged            |    15 |    31 |   135 ||   181
Block: Other             |       |    11 |    48 ||    59
       Rpst.: Long sword |     3 |     2 |    25 ||    30
       Falchion          |     2 |     3 |     5 ||    10
       Great sword       |       |       |     2 ||     2
